 Dungeon Crawl Stone Soup version 0.28.0-62-gf88900778d (webtiles) character file.

Game seed: 3127969475548863023

111 cbfl8 the Chopper (level 4, -5/41 HPs)
             Began as a Minotaur Berserker on Oct 2, 2023.
             Was a Believer of Trog.
             Succumbed to Sigmund's poison
             ... on level 2 of the Dungeon.
             The game lasted 00:01:46 (2189 turns).

cbfl8 the Chopper (Minotaur Berserker)              Turns: 2189, Time: 00:01:46

Health: -5/41      AC:  6    Str: 21    XL:     4   Next: 62%
Magic:  3/3        EV: 10    Int:  4    God:    Trog [**....]
Gold:   78         SH:  0    Dex: 12    Spells: 3/3 levels left

rFire   . . .      SeeInvis .   a - +0 hand axe
rCold   . . .      Faith    .   (no shield)
rNeg    . . .      Spirit   .   l - +0 scale mail
rPois   .          Reflect  .   (helmet restricted)
rElec   .          Harm     .   (no cloak)
rCorr   .          Rampage  .   (no gloves)
Will    ++...                   (no boots)
Stlth   ..........              (no amulet)
HPRegen 1.13/turn               (no ring)
MPRegen 0.08/turn               (no ring)

@: lethally poisoned (-5 -> -24), strong-willed (expiring), on berserk cooldown,
regenerating (expiring), slowed, very slow
A: horns 2, retaliatory headbutt
a: Renounce Religion, Berserk, Trog's Hand


You were on level 2 of the Dungeon.
You worshipped Trog.
Trog was pleased with you.
You visited 1 branch of the dungeon, and saw 4 of its levels.

You collected 78 gold pieces.

Inventory:

Hand Weapons
 a - a +0 hand axe (weapon)
Armour
 l - a +0 scale mail (worn)
Wands
 b - a wand of iceblast (8) (quivered)
Scrolls
 c - a scroll of teleportation
 d - a scroll of noise
 f - a scroll of enchant armour
 j - a scroll of magic mapping {unknown}
Potions
 e - a potion of heal wounds {unknown}
 i - 2 potions of brilliance {unknown}
 k - a potion of flight {unknown}


   Skills:
 + Level 4.4 Fighting
 + Level 5.4 Axes
 + Level 2.8 Armour
 - Level 2.1 Dodging
 * Level 1.3 Evocations


You had 3 spell levels left.
You didn't know any spells.
Your spell library was empty.

Dungeon Overview and Level Annotations

Branches:
Dungeon (4/15)
 Temple: D:4-7

Altars:
Ashenzari

Annotations:
D:2 Sigmund
D:3 2 transporters


Innate Abilities, Weirdness & Mutations

You have a pair of horns on your head.
You reflexively headbutt those who attack you in melee.


Message History

You bump into the rock wall.
You feel sick.
You feel a strong urge to attack something.
You are no longer berserk.
You are exhausted.
You feel yourself slow down.
You feel sick. Something hits you!
You are more poisoned.
You feel less confused.
You feel extremely sick. Something hits you.
You are lethally poisoned!
It was a potion of curing.
You feel better. Something hits you but does no damage.
You are poisoned.
You feel better. Something hits you.
You are poisoned.
Your skin crawls.
You feel strong-willed.
You feel very sick.
You hear some strange, mumbled words.
A puff of flame appears from out of thin air!
The puff of flame hits you.
You hit something but do no damage. Your headbutt misses something.
You feel sick. Something hits you.
You are more poisoned.
You miss something.
You feel very sick. Something hits you!
* * * LOW HITPOINT WARNING * * *
You are lethally poisoned!
Aiming: Iceblast
Press: ? - help, Q - select action, (/) - cycle Shift-Dir - straight line, f - kobold
Aim: a kobold, wielding a +0 short sword The mass of ice explodes!
The iceblast engulfs something!
The iceblast engulfs the kobold!
You kill the kobold!
Trog accepts your kill. The iceblast engulfs you.
* * * LOW HITPOINT WARNING * * *
You feel the effects of Trog's Hand fading.
You die...

#....†....# #.#######.#
### #.# #.# ..# #.#
#####.# #.# #.###......
#.# #.........# #)#
##...#.##### #{#
##......# #@# #.......#
#####.#####.....##
#.......# ##...##
#.###...# ##.### ##..#
#...# #.####..# ###.##
#.......# #..## #
#...###.#######...####
.....................†.'


There were no monsters in sight!

Vanquished Creatures
  An iguana (D:4)
  A gnoll (D:1)
  2 adders
  A worm (D:2)
  2 dart slugs
  3 ball pythons
  A bat (D:3)
  3 endoplasms
  2 giant cockroaches
  6 goblins
  6 hobgoblins (D:2)
  4 jackals (D:1)
  2 quokkas
  8 frilled lizards
  5 kobolds
  3 rats
50 creatures vanquished.

Vanquished Creatures (others)
  A hobgoblin (D:4)
1 creature vanquished.

Grand Total: 51 creatures vanquished

Notes
Turn   | Place    | Note
-------+----------+-------------------------------------------
     0 | D:1      | cbfl8 the Minotaur Berserker began the quest for the Orb.
     0 | D:1      | Reached XP level 1. HP: 19/19 MP: 0/0
   160 | D:1      | Reached XP level 2. HP: 21/27 MP: 1/1
   242 | D:1      | Reached skill level 4 in Axes
   724 | D:1      | Reached XP level 3. HP: 29/33 MP: 2/2
   809 | D:1      | Found a faded altar of an unknown god.
  1128 | D:2      | Reached skill level 1 in Evocations
  1129 | D:2      | Reached ** piety under Trog
  1192 | D:2      | You fall into a shaft and drop 2 floors!
  1192 | D:4      | Found a broken altar of Ashenzari.
  1330 | D:4      | HP: 1/49 [iguana (6)]
  1332 | D:4      | Reached skill level 5 in Axes
  1332 | D:4      | Reached XP level 4. HP: 1/41 MP: 3/3
  1784 | D:3      | Found a transporter.
  1797 | D:3      | Found a transporter.
  2172 | D:2      | Noticed Sigmund
  2189 | D:2      | Succumbed to Sigmund's poison

Illustrated notes

Levels and vault maps discovered:
D:1:      onia_arrival_mini_maze, layout_basic,
          chequers_ecumenical_altar_simple_redux, minmay_lizard_pond
D:2:      layout_loops_corners, uniq_sigmund, uniq_robin, uniq_jessica
D:3:      layout_rooms, serial_shops, nicolae_shop_window_shopping,
          gammafunk_ghost_abyssal_escape
D:4:      nicolae_cairo_tiling_large, layout_loops_ring, lemuel_doored_altar,
          grunt_qazlal_clouds, overflow_temple_1_default,
          hangedman_decor_peaks_small

Skill      XL: |  1  2  3 |
---------------+----------+-----
Axes           | 4 5 |  5.4
Fighting       | 4 |  4.4
Evocations     | 1 |  1.3
Armour         | |  2.8
Dodging        | |  2.1

Action                   |  1- 3 |  4- 6 || total
-------------------------+-------+-------++-------
Melee: Hand axe          |    74 |    26 ||   100
       Headbutt          |     6 |     4 ||    10
Invok: Berserk           |     1 |     1 ||     2
       Trog's Hand       |       |     1 ||     1
Evoke: Wand              |       |     1 ||     1
  Use: Scroll            |       |     3 ||     3
       Potion            |       |     2 ||     2
Armor: Animal skin       |     8 |       ||     8
       Leather armour    |     1 |       ||     1
       Scale mail        |       |    10 ||    10
Dodge: Dodged            |    51 |     9 ||    60
